 Dungeon Crawl Stone Soup version 0.19-a0-1920-g83281cb (webtiles) character file.

19 Leszczynek the Cudgeler (level 2, 12/29 HPs)
             Began as an Ogre Warper on Oct 23, 2016.
             Quit the game on level 2 of the Dungeon.
             The game lasted 00:02:07 (424 turns).

Leszczynek the Cudgeler (Ogre Warper)                Turns: 424, Time: 00:02:07

Health: 12/29      AC:  3    Str: 15    XL:     2   Next: 75%
Magic:  14/14      EV: 10    Int: 12    God:
Gold:   33         SH:  0    Dex:  9    Spells: 1 memorised, 3 levels left

rFire  . . .     SeeInvis .     a - +0 mace
rCold  . . .     Gourm    .     b - +0 robe
rNeg   . . .     Faith    .     (no shield)
rPois  .         Spirit   .     (helmet restricted)
rElec  .         Reflect  .     (no cloak)
rCorr  .         Harm     .     (gloves unavailable)
MR     .....                    (boots unavailable)
Stlth  +.........               (no amulet)
                                (no ring)
                                i - ring of magical power

@: no status effects
A: unfitting armour, tough skin 1
a: no special abilities


You were on level 2 of the Dungeon.
You were not hungry.

You visited 1 branch of the dungeon, and saw 3 of its levels.

You collected 33 gold pieces.

Inventory:

Hand Weapons
 a - a +0 mace (weapon)
Armour
 b - a +0 robe (worn)
Jewellery
 i - a ring of magical power (left hand)
Scrolls
 f - a scroll of blinking
 h - a scroll of noise {unknown}
 j - 2 scrolls of identify {unknown}
Books
 c - a book of Spatial Translocations

   Spells                             Type                      Level
   a - Blink                          Translocation                2
   b - Shroud of Golubria             Charms/Translocation         2
   c - Lesser Beckoning               Translocation                3
   d - Portal Projectile              Translocation                3
   e - Teleport Other                 Translocation                3
   f - Passage of Golubria            Translocation                4
Comestibles
 d - a bread ration
 g - 5 chunks of flesh


   Skills:
 - Level 2.6 Fighting
 + Level 4.2 Maces & Flails
 - Level 1.0 Throwing
 - Level 2.1 Dodging
 - Level 2.4 Spellcasting
 - Level 2.1 Translocations


You had 3 spell levels left.
You knew the following spells:

 Your Spells              Type           Power        Failure   Level  Hunger
a - Blink                 Tloc           N/A          17%         2    ###....


Dungeon Overview and Level Annotations

Branches:
Dungeon (3/15)

Altars:


Innate Abilities, Weirdness & Mutations

You are too large for most types of armour.
You have tough skin. (AC +1)


Message History

The tomahawk of dispersal barely misses the adder.
The adder closely misses you. The adder barely misses you.
The kobold barely misses you.
Throwing (i - inventory):
e - 2 tomahawks of dispersal (quivered)
Press: ? - help, Shift-Dir - straight line, f/p - adder
Aim: an adder You throw a tomahawk of dispersal.
The tomahawk of dispersal closely misses the adder.
The adder barely misses you. The kobold barely misses you.
Throwing (i - inventory):
e - a tomahawk of dispersal (quivered)
Press: ? - help, Shift-Dir - straight line, f/p - adder
Aim: an adder You throw a tomahawk of dispersal.
The tomahawk of dispersal hits the adder.
The adder blinks!
The adder is lightly wounded.
The kobold barely misses you.
Unknown command.
Enter note: "blinks" Are you sure you want to abandon this character and quit the game? (Confirm with "yes".)

#........#.# #.# #.#
########.#.# #.# #.#
#...# #.# #.# #...# #.#
#.# #...#
#.######.###### #...#
#..............# #...#
#........#####.# #.#)#
#KS......# #.. #.#.##
#@######## #.#.. #.#..#
#.# ### #.#..
#.#..####.# #.. .....
#.#.......# #.# #.##.
#.#.#.###.# #.# #.##.
#.#.###.# #####.###.##.
#.#..##.####.........##.
#.#(......))............
#.##..#.####.........###


You could see an adder and a kobold.

Vanquished Creatures
  A worm (D:2)
  3 goblins (D:1)
  2 hobgoblins (D:2)
  3 jackals (D:2)
  3 bats
  4 rats
16 creatures vanquished.

Notes
Turn   | Place    | Note
-------+----------+-------------------------------------------
     0 | D:1      | Leszczynek the Ogre Warper began the quest for the Orb.
     0 | D:1      | Reached XP level 1. HP: 22/22 MP: 3/3
    32 | D:1      | Reached skill level 3 in Maces & Flails
   148 | D:1      | Reached XP level 2. HP: 28/29 MP: 5/5
   180 | D:2      | Learned a level 2 spell: Blink
   265 | D:2      | Reached skill level 4 in Maces & Flails
   424 | D:2      | "blinks"
   424 | D:2      | Quit the game

Vault maps used:
D:1:      dpeg_arrival_subterranean_lakeside_camping
D:2:      uniq_jessica
D:3:      first_bread, st_stairs_9, serial_bayou_pond_e

Skill      XL: |  1  2 |
---------------+-------+-----
Maces & Flails | 3 4 |  4.2
Fighting       | |  2.6
Throwing       | |  1.0
Dodging        | |  2.1
Spellcasting   | |  2.4
Translocations | |  2.1

Action                   || total
-------------------------++-------
Melee: Mace              ||    50
Throw: Tomahawk          ||     5
Armor: Robe              ||    22
Dodge: Dodged            ||    41
